AoeStats
← Bonea

Nomad

506636514Analyzed
4v4 RM · 17d ago on Sep 14, 2026· 30m 3s· 8 players
Game mode
Random Map
Map size
231×231
Population
200
Speed
Normal
Resources
Standard
Victory
Conquest
Starting age
Dark Age
Ending age
Imperial Age
RankedLock teamsTeams togetherTeam positionsShared explorationLock speedFull tech treeHidden civsTurbo modeCheats
Victory
Defeat
🇨🇳 Portuguese · China
1333
+15
🇨🇳 Malians · China
1273
+18
🇨🇳 Hindustanis · China
1272
+18
🇹🇷 Slavs · Türkiye
1267
+18
1336
-18
🇲🇽 Japanese · Mexico
1323
-18
🇨🇳 Turks · China
1302
-17
🇨🇱 Chinese · Chile
1294
-16
EsoTilinsito283
13:08 Loom
15:26 Feudal Age
15:52 Double-Bit Axe
16:24 Fishing Lines
19:01 Wheelbarrow
20:33 Castle Age
21:16 Gillnets
21:40 Bow Saw
23:34 Gold Mining
25:02 Stone Mining
25:50 Gold Shaft Mining
26:27 Medium Warships
30:15 Imperial Age
29:19 Ballistics
30:41 Masonry
C.A | Sagittis Hungarorum
9:09 Loom
14:04 Feudal Age
18:46 Castle Age
30:27 Wheelbarrow
29:35 Horse Collar
maximilianoshopify
3:08 Loom
14:20 Feudal Age
15:44 Wheelbarrow
18:12 Castle Age
17:19 Double-Bit Axe
17:46 Fishing Lines
19:19 Bow Saw
19:00 Gillnets
20:50 Medium Warships
21:00 Fletching
22:09 Bodkin Arrow
25:45 Padded Archer Armor
27:26 Gold Mining
27:16 Horse Collar
muui
6:05 Loom
16:41 Feudal Age
19:47 Town Watch
22:23 Castle Age
21:14 Stone Mining
21:19 Double-Bit Axe
21:45 Fletching
23:52 Bodkin Arrow
24:00 Padded Archer Armor
24:26 Bow Saw
28:32 Gold Mining
29:58 Horse Collar
Lordzek
4:19 Loom
15:56 Feudal Age
16:59 Fishing Lines
21:03 Castle Age
19:23 Double-Bit Axe
19:21 Horse Collar
23:29 Scale Barding Armor
24:12 Wheelbarrow
24:10 Forging
24:18 Heavy Plow
29:34 Bow Saw
30:29 Gillnets
psrycc
3:54 Loom
14:24 Feudal Age
15:26 Double-Bit Axe
15:36 Gold Mining
17:21 Stone Mining
22:22 Castle Age
21:41 Fletching
22:04 Forging
21:44 Horse Collar
23:56 Stone Shaft Mining
23:38 Medium Warships
25:39 Gold Shaft Mining
26:22 Fishing Lines
26:52 Gillnets
27:20 Heavy Plow
32:44 Imperial Age
夜色桃香
5:02 Loom
16:23 Feudal Age
17:24 Fishing Lines
17:45 Town Watch
20:19 Castle Age
18:40 Double-Bit Axe
18:50 Gold Mining
21:20 Gillnets
21:48 Bow Saw
27:40 Imperial Age
25:21 Stone Mining
Bonea
7:23 Loom
13:39 Feudal Age
18:55 Castle Age
17:01 Double-Bit Axe
18:07 Horse Collar
18:58 Fishing Lines
25:20 Gold Mining
28:59 Imperial Age
26:42 Gillnets
29:02 Elite Skirmisher
29:34 Fletching
29:44 Padded Archer Armor
30:24 Wheelbarrow
Connection lost

Rejoining the realm…

Still unreachable

The connection could not be restored.

Session expired

The server has moved on; the page needs a fresh start.